 Dungeon Crawl Stone Soup version 0.29-a0-813-g4a14ea37d6 (webtiles) character file.

Game seed: 8158717076719504328

53 LynnLen the Digger (level 4, -6/31 HPs)
             Began as a Formicid Earth Elementalist on July 4, 2022.
             Mangled by a gnoll
             ... wielding a +0 whip
              (7 damage)
             ... on level 2 of the Dungeon.
             The game lasted 00:07:03 (1647 turns).

LynnLen the Digger (Formicid Earth Elementalist)    Turns: 1647, Time: 00:07:04

Health: -6/31      AC:  2    Str: 13    XL:     4   Next: 11%
Magic:  3/7        EV: 12    Int: 16    God:
Gold:   67         SH:  0    Dex: 14    Spells: 4/8 levels left

rFire   . . .      SeeInvis +   c - +0 whip
rCold   . . .      Faith    .   (no shield)
rNeg    . . .      Spirit   .   a - +0 robe
rPois   .          Reflect  .   (helmet unavailable)
rElec   .          Harm     .   (no cloak)
rCorr   .          Rampage  .   (no gloves)
Will    .....                   (no boots)
Stlth   ++........              (no amulet)
HPRegen 0.10/turn               (no ring)
MPRegen 0.10/turn               (no ring)

@: no status effects
A: permanent stasis, dig shafts and tunnels, antennae 3, four strong arms
a: Dig, Shaft Self


You were on level 2 of the Dungeon.
You visited 1 branch of the dungeon, and saw 2 of its levels.

You collected 67 gold pieces.

Inventory:

Hand Weapons
 c - a +0 whip (weapon)
Armour
 a - a +0 robe (worn)
Scrolls
 e - a scroll of identify {unknown}
 f - a scroll of amnesia {unknown}
Potions
 b - a potion of magic
 d - 2 potions of curing {unknown}


   Skills:
 * Level 0.3 Fighting
 * Level 1.5 Armour
 + Level 1.8 Dodging
 + Level 2.6 Stealth
 + Level 2.5 Spellcasting
 * Level 0.3 Conjurations
 - Level 1.1 Transmutations
 + Level 4.6 Earth Magic


You had 4 spell levels left.
You knew the following spells:

 Your Spells              Type           Power      Damage    Failure   Level
a - Sandblast             Erth           32%        2d9       3%          1
b - Stone Arrow           Conj/Erth      20%        3d8       22%         3

Your spell library contained the following spells:

 Spells                   Type           Power      Damage    Failure   Level
 Passwall                 Tmut/Erth      9%         N/A       9%          2
 Dazzling Flash           Conj/Hex       4%         N/A       50%         3
 Gell's Gravitas          Tloc           2%         N/A       52%         3
 Lesser Beckoning         Tloc           2%         N/A       52%         3
 Teleport Other           Tloc           2%         N/A       52%         3
 Petrify                  Tmut/Erth      11%        N/A       52%         4
 Iskenderun's Mystic Bla  Conj/Tloc      2%         2d3       88%         4
 Starburst                Conj/Fire      1%         6d3       100%        6


Dungeon Overview and Level Annotations

Branches:
Dungeon (2/15)

Altars:


Innate Abilities, Weirdness & Mutations

You cannot be hasted, slowed, berserked, paralysed or teleported.
You can dig through walls and to a lower floor.
You have a pair of large antennae on your head. (SInv)
Your four strong arms can wield two-handed weapons with a shield.


Message History

Casting: Sandblast (safe; 3% risk of failure)
Confirm with . or Enter, or press ? or * to list all spells.
Aiming: Sandblast (safe; 3% risk of failure)
Press: ? - help, Shift-Dir - straight line, f/p - gnoll
Aim: a gnoll, wielding a +0 club (moderately wounded, 82% to hit)
The blast of sand hits the gnoll.
The gnoll is severely wounded.
The gnoll shouts!
The gnoll hits you from afar with a +0 spear.
The gnoll hits you with a +0 whip. The gnoll misses you.
The gnoll hits you with a +0 club. The gnoll attacks as you move away!
The gnoll hits you with a +0 club.
* * * LOW HITPOINT WARNING * * *
The gnoll attacks as you move away! The gnoll closely misses you.
Casting: Sandblast (safe; 3% risk of failure)
Confirm with . or Enter, or press ? or * to list all spells.
Aiming: Sandblast (safe; 3% risk of failure)
Press: ? - help, Shift-Dir - straight line, f/p - gnoll
Aim: a gnoll, wielding a +0 club (heavily wounded, 82% to hit)
The blast of sand hits the gnoll!
You kill the gnoll!
The gnoll barely misses you. The gnoll hits you with a +0 whip.
* * * LOW HITPOINT WARNING * * *
The gnoll closely misses you.
You have reached level 4!
You feel stronger.
Casting: Sandblast (safe; 3% risk of failure)
Confirm with . or Enter, or press ? or * to list all spells.
Aiming: Sandblast (safe; 3% risk of failure)
Press: ? - help, Shift-Dir - straight line, f - gnoll
Aim: a gnoll, wielding a +0 whip (82% to hit)
The blast of sand hits the gnoll!
The gnoll is severely wounded.
The gnoll barely misses you. The gnoll hits you but does no damage.
The gnoll hits you from afar with a +0 spear.
* * * LOW HITPOINT WARNING * * *
The gnoll hits you from afar with a +0 spear.
* * * LOW HITPOINT WARNING * * *
The gnoll hits you with a +0 whip!
You die...

....######.........
..................#
.##.######.#..#...# .# .##.#
###.#..#...####.#
.##.####.#.#).#...#....
........†.....)...'...♣♣♣
###.####.#.#......#...♣P♣.♣
#.# #.#.#..#...#.......
###.# #.#.#..#g@.#...♣ #...#
#.#.......)....♣♣
#...####.....###gg..........
#...#......).# #..#.##.###.#
#...'........# #..#.# .#
###.#........# #..### .
###.########.[...... ..
...................... ..
....####......##......<....


You could see 3 gnolls.

Vanquished Creatures
  A gnoll (D:2)
  A worm (D:2)
  A dart slug (D:1)
  4 endoplasms (D:1)
  3 giant cockroaches (D:1)
  6 goblins
  6 hobgoblins (D:1)
  3 kobolds
  A quokka (D:2)
  3 ball pythons
  2 bats (D:1)
  A frilled lizard (D:1)
  3 rats
35 creatures vanquished.

Vanquished Creatures (others)
  4 plants (D:2)
4 creatures vanquished.

Grand Total: 39 creatures vanquished

Notes
Turn   | Place    | Note
-------+----------+-------------------------------------------
     0 | D:1      | LynnLen the Formicid Earth Elementalist began the quest for
                  | the Orb.
     0 | D:1      | Reached XP level 1. HP: 13/13 MP: 3/3
   105 | D:1      | Reached skill level 4 in Earth Magic
   105 | D:1      | Reached XP level 2. HP: 19/19 MP: 3/5
   226 | D:1      | Found a faded altar of an unknown god.
   789 | D:1      | Reached XP level 3. HP: 24/24 MP: 3/6
  1477 | D:2      | Learned a level 3 spell: Stone Arrow
  1486 | D:2      | Reached skill level 1 in Armour
  1647 | D:2      | Reached XP level 4. HP: 8/31 MP: 4/7
  1647 | D:2      | HP: 1/31 [gnoll/+0 spear (4)]
  1647 | D:2      | Mangled by a gnoll

Illustrated notes

Levels and vault maps discovered:
D:1:      lordsloth_arrival_two_stooges, layout_basic,
          hellmonk_ecumenical_altar_prayer_group
D:2:      layout_basic, serial_forest, infiniplex_forest_straight_4,
          infiniplex_forest_straight_3, infiniplex_forest_clump_diagonal,
          infiniplex_forest_end_2, infiniplex_forest_clump_large,
          infiniplex_forest_clump_small, infiniplex_forest_clump_large,
          infiniplex_forest_straight_4, uniq_jessica

Skill      XL: |  1  2  3 |
---------------+----------+-----
Earth Magic    | 4 |  4.6
Armour         | 1 |  1.5
Fighting       | |  0.3
Dodging        | |  1.8
Stealth        | |  2.6
Spellcasting   | |  2.5
Conjurations   | |  0.3
Transmutations | |  1.1

Action                   |  1- 3 |  4- 6 || total
-------------------------+-------+-------++-------
Melee: Whip              |    48 |       ||    48
       Unarmed           |     1 |       ||     1
 Cast: Sandblast         |    44 |     1 ||    45
  Use: Scroll            |     4 |       ||     4
Armor: Robe              |    21 |     1 ||    22
Dodge: Dodged            |    50 |     1 ||    51

Table legend: (Time is in decaauts)
 A = Elapsed time spent in this place.
 B = Non-inter-level travel time spent in this place.
 C = Inter-level travel time spent in this place.
 D = Time resting spent in this place.
 E = Time spent auto-exploring this place.
 F = Levels seen in this place.
 G = Mean time per level.
                   A        B        C        D        E       F      G
               +--------+--------+--------+--------+--------+-----+--------+
         Total |   1696 |   1696 |      0 |    426 |    504 |   2 |  848.0 |
       Dungeon |   1696 |   1696 |      0 |    426 |    504 |   2 |  848.0 |
               +--------+--------+--------+--------+--------+-----+--------+

Top non-repeatable levels by time:
     D:1: 1475 daAuts
     D:2: 220 daAuts
